 Dungeon Crawl Stone Soup version 0.18-a0-1267-gff090c1 (webtiles) character file.

25 abixa the Digger (level 3, 19/19 HPs)
             Began as a Gargoyle Earth Elementalist on Feb 6, 2016.
             Quit the game on level 1 of the Dungeon.
             The game lasted 00:06:06 (881 turns).

abixa the Digger (Gargoyle Earth Elementalist)       Turns: 881, Time: 00:06:06

Health: 19/19      AC:  5    Str: 11    XL:     3   Next: 4%
Magic:  6/6        EV: 12    Int: 16    God:
Gold:   15         SH:  0    Dex: 10    Spells: 1 memorised, 5 levels left

rFire  . . .     SeeInvis .     f - +0 short sword
rCold  . . .     Gourm    .     a - +0 robe
rNeg   + . .     Faith    .     (no shield)
rPois  ∞         Spirit   .     (no helmet)
rElec  +         Dismiss  .     (no cloak)
rCorr  .         Reflect  .     (no gloves)
SustAt .         Harm     .     (no boots)
MR     .....                    (no amulet)
Stlth  ++........               (no ring)
                                (no ring)

@: not resistant to hostile enchantments, unstealthy
A: negative energy resistance 1, electricity resistance, unbreathing,
petrification resistance, rot immunity, AC +3
a: no special abilities


You were on level 1 of the Dungeon.
You were hungry.

You visited 1 branch of the dungeon, and saw 1 of its levels.

You collected 15 gold pieces.

Inventory:

Hand Weapons
 f - a +0 short sword (weapon)
Missiles
 b - 45 stones (quivered)
 g - 8 silver sling bullets
Armour
 a - a +0 robe (worn)
Scrolls
 h - a scroll of remove curse {unknown}
Potions
 e - 3 potions of curing {unknown}
Books
 c - a book of Geomancy

   Spells                             Type                      Level
   a - Sandblast                      Earth                        1
   b - Passwall                       Transmutation/Earth          2
   c - Stone Arrow                    Conjuration/Earth            3
   d - Petrify                        Transmutation/Earth          4
   e - Lee's Rapid Deconstruction     Earth                        5
Comestibles
 d - a bread ration


   Skills:
 - Level 1.5 Dodging
 - Level 2.1 Stealth
 - Level 2.0 Spellcasting
   Level 0.7 Transmutations
 + Level 5.0 Earth Magic


You had 5 spell levels left.
You knew the following spells:

 Your Spells              Type           Power        Failure   Level  Hunger
a - Sandblast             Erth           ###...       2%          1    #......


Dungeon Overview and Level Annotations

Branches:
Dungeon (1/15)

Altars:


Innate Abilities, Weirdness & Mutations

You are resistant to torment.
Your stone body is resilient (AC +3).
You are immune to poison.
You resist negative energy.
You are resistant to electric shocks.
You can survive without breathing.
You are immune to petrification.
You are immune to rotting.


Message History

You barely miss the bat. The bat barely misses you.
You closely miss the bat. The bat hits you.
You barely miss the bat. The bat barely misses you. The bat misses you.
You hit the bat but do no damage.
You are feeling hungry.
The bat hits you. The bat hits you but does no damage.
The bat completely misses you.
You barely miss the bat. The bat closely misses you.
You hit the bat.
You kill the bat!
Your Earth Magic skill increases to level 5!
b - 45 stones (gained 21)
Found a stone staircase leading down.
There is a stone staircase leading down here.
Found a stone staircase leading down.
Found a cloak.
Are you sure you want to abandon this character and quit the game? (Confirm with "yes".)
Okay, then.
Unknown command.
Are you sure you want to abandon this character and quit the game? (Confirm with "yes".)

##..........#.....#.#
#.###
#......######.....# #
#.#<. #.####.#
#....... #.### #
####.########.####.
#....
#........####.#### #
. .######
#.##.###>........#
#.# ....... .. ...#
#####.....#....
..#.### ## #####
#.........[
#..@...##. #......#
###.##.# #># # #.#
#.# #.. ##.


There were no monsters in sight!

Vanquished Creatures
  4 bats (D:1)
  A giant cockroach (D:1)
  A goblin (D:1)
  2 hobgoblins (D:1)
  4 jackals (D:1)
  2 giant newts (D:1)
  6 kobolds (D:1)
  A rat (D:1)
21 creatures vanquished.

Notes
Turn   | Place    | Note
--------------------------------------------------------------
     0 | D:1      | abixa the Gargoyle Earth Elementalist began the quest for the Orb.
     0 | D:1      | Reached XP level 1. HP: 10/10 MP: 3/3
   189 | D:1      | Reached skill level 4 in Earth Magic
   200 | D:1      | Reached XP level 2. HP: 7/15 MP: 0/5
   781 | D:1      | Reached XP level 3. HP: 15/19 MP: 1/6
   864 | D:1      | Reached skill level 5 in Earth Magic
   881 | D:1      | Quit the game

Vault maps used:
D:1:      matt_arrival_spirals, hangedman_decor_growths

Action                   || total
-------------------------++-------
Melee: Unarmed           ||    14
       Short sword       ||    43
 Cast: Sandblast         ||    28
 Stab: Sleeping          ||     3
